 Dungeon Crawl Stone Soup version 0.26.1-11-gd32895ea62 (webtiles) character file.

Game seed: 12502262020113615457

386 Almogavar the Conjurer (level 6, -1/45 HPs)
             Began as a Draconian Conjurer on July 6, 2021.
             Was an Initiate of Sif Muna.
             Blown up by Ijyb (14 damage)
             ... with a disintegration bolt
             ... on level 5 of the Dungeon.
             The game lasted 00:16:14 (4996 turns).

Almogavar the Conjurer (Draconian Conjurer)         Turns: 4996, Time: 00:16:14

Health: -1/45      AC:  6    Str: 10    XL:     6   Next: 48%
Magic:  5/12       EV: 12    Int: 20    God:    Sif Muna [......]
Gold:   315        SH:  0    Dex: 15    Spells: 6/13 levels left

rFire    + . .     SeeInvis .   r - staff of fire
rCold    . . .     Faith    .   (no shield)
rNeg     . . .     Spirit   .   (armour unavailable)
rPois    .         Reflect  .   (helmet restricted)
rElec    .         Harm     .   j - scarf {shadows}
rCorr    .         Rampage  .   (no gloves)
Will     .....                  (no boots)
Stlth    ++........             (no amulet)
HPRegen  0.15/turn              (no ring)
MPRegen  0.13/turn              n - +6 ring of dexterity

@: no status effects
A: unfitting armour, cold-blooded, AC +6
a: Renounce Religion


You were on level 5 of the Dungeon.
You worshipped Sif Muna.
Sif Muna was noncommittal.
You visited 2 branches of the dungeon, and saw 6 of its levels.

You collected 315 gold pieces.

Inventory:

Hand Weapons
 h - a +0 dagger of venom
Armour
 j - a scarf of shadows (worn)
Magical Staves
 p - an uncursed staff of earth
 r - an uncursed staff of fire (weapon)
Jewellery
 a - an uncursed ring of willpower
 i - an uncursed ring of protection from cold
 n - a +6 ring of dexterity (right hand)
 q - an uncursed amulet of faith {unknown}
Scrolls
 b - a scroll of brand weapon {unknown}
 c - a scroll of blinking
 k - 2 scrolls of fog {unknown}
 l - 6 scrolls of teleportation {unknown}
 m - a scroll of magic mapping {unknown}
Potions
 d - 2 potions of might
 e - a potion of invisibility
 f - 2 potions of curing
 g - 3 potions of flight
 o - a potion of magic {unknown}


   Skills:
 + Level 2.0 Dodging
 + Level 3.3 Stealth
 + Level 4.0 Spellcasting
 + Level 6.0 Conjurations


You had 6 spell levels left.
You knew the following spells:

 Your Spells              Type           Power        Failure   Level
a - Magic Dart            Conj           56%          1%          1
b - Searing Ray           Conj           28%          1%          2
c - Iskenderun's Mystic   Conj/Tloc      8%           36%         4

Your spell library contained the following spells:

 Spells                   Type           Power        Failure   Level
 Dazzling Flash           Conj/Hex       16%          11%         3
 Stone Arrow              Conj/Erth      16%          11%         3
 Sandblast                Erth           4%           13%         1
 Passwall                 Tmut/Erth      1%           19%         2
 Fulminant Prism          Conj/Hex       4%           36%         4
 Petrify                  Tmut/Erth      2%           77%         4
 Lee's Rapid Deconstruct  Erth           1%           98%         5


Dungeon Overview and Level Annotations

Branches:
Dungeon (5/15)             Temple (1/1) D:4

Altars:
Ashenzari
Cheibriados
Gozag
Hepliaklqana
Kikubaaqudgha
Qazlal
Ru
Sif Muna
Wu Jian
Xom

Shops:
D:4 :

Annotations:
D:5 Ijyb


Innate Abilities, Weirdness & Mutations

Your plain brown scales are hard. (AC +6)
You cannot fit into any form of body armour.
You are cold-blooded and may be slowed by cold attacks.


Message History

Ijyb is moderately wounded.
The searing ray hits Ijyb but does no damage.
Ijyb is moderately wounded.
Ijyb zaps a wand.
You are blasted!
Ouch! That really hurt!
* * * LOW HITPOINT WARNING * * *
The searing ray hits Ijyb.
Ijyb is heavily wounded.
You finish channeling your searing ray.
Casting: Searing Ray (safe; 1% risk of failure)
Confirm with . or Enter, or press ? or * to list all spells.
Aiming: Searing Ray (safe; 1% risk of failure)
Press: ? - help, Shift-Dir - straight line, f/p - Ijyb
Aim: Ijyb, wielding a +0 club, wearing a +0 chain mail and carrying a wand of disintegration (13) (heavily wounded, 24% to evade)
You feel a numb sensation.
The searing ray hits Ijyb but does no damage.
Ijyb is heavily wounded. (Press . to maintain the ray.) Ijyb zaps a wand.
You are blasted!
You die...

##....##....##....####
#.....##....†........
#.#....###....#######
#...#....>..<.#
#..........#######
#####......#.....#
#......#.###.#
...####......#.# #.#
......@........###.#
......#..........#.#.#.
.....g#........###.#...
......#..^)....###.#...
......###.##.......#...
...... #.###..###.#...
...... #.# #..#####...
#.......... #...####...


You could see Ijyb.

Vanquished Creatures
  A scorpion (D:4)
  A hound (D:4)
  A centaur skeleton (D:5)
  An orc wizard (D:4)
  2 iguanas (D:4)
  2 worker ants
  A hound skeleton (D:4)
  5 adders
  A white imp (D:5)
  2 adder skeletons (D:4)
  2 worms
  A dart slug (D:2)
  5 leopard geckos
  9 orcs (D:4)
  3 giant cockroaches
  9 goblins
  3 hobgoblins
  A quokka (D:2)
  A ball python (D:3)
  5 bats
  7 frilled lizards
  5 kobolds
  3 rats
71 creatures vanquished.

Vanquished Creatures (others)
  4 plants (D:2)
4 creatures vanquished.

Grand Total: 75 creatures vanquished

Notes
Turn   | Place    | Note
-------+----------+-------------------------------------------
     0 | D:1      | Almogavar the Draconian Conjurer began the quest for the
                  | Orb.
     0 | D:1      | Reached XP level 1. HP: 14/14 MP: 3/3
   202 | D:1      | Reached XP level 2. HP: 15/20 MP: 0/5
   499 | D:1      | Learned a level 2 spell: Searing Ray
  1272 | D:2      | Reached XP level 3. HP: 26/26 MP: 3/6
  1872 | D:2      | Reached skill level 5 in Conjurations
  2537 | D:3      | Reached XP level 4. HP: 33/33 MP: 4/7
  3087 | D:4      | Found Jikh's Book Emporium.
  3235 | D:4      | Reached XP level 5. HP: 35/38 MP: 0/9
  3386 | D:4      | Found a staircase to the Ecumenical Temple.
  3391 | Temple   | Entered the Ecumenical Temple
  3398 | Temple   | Became a worshipper of Sif Muna the Loreminder
  4085 | D:4      | Reached skill level 6 in Conjurations
  4085 | D:4      | Reached XP level 6. HP: 45/45 MP: 6/11
  4420 | D:4      | Learned a level 4 spell: Iskenderun's Mystic Blast
  4591 | D:5      | Entered Level 5 of the Dungeon
  4991 | D:5      | Noticed Ijyb
  4996 | D:5      | Blown up by Ijyb

Illustrated notes

Levels and vault maps discovered:
D:1:      minmay_arrival_plants_in_alcoves, layout_rooms
D:2:      layout_loops_cross, serial_bayou, serial_bayou_ford_a,
          serial_bayou_pond_e, serial_bayou_shore_a, serial_bayou_pond_a,
          minmay_surrounded
D:3:      layout_loops_cross
D:4:      layout_gridville, temple_doors_cd, serial_shops, shop
D:5:      layout_basic, kennysheep_mini, serial_shops, nicolae_shop_statue_plus,
          nrook_mini_backslash, minivault_19, uniq_crazy_yiuf_cottage,
          uniq_blork_the_orc, uniq_ijyb
Temple:   compressed_dpeg_triangle_lava_temple

Skill      XL: |  1  2  3  4  5  6 |
---------------+-------------------+-----
Stealth        | 2 3 |  3.3
Conjurations   | 5 6 |  6.0
Spellcasting   | 3 4 |  4.0
Dodging        | 2 |  2.0

Action                   |  1- 3 |  4- 6 || total
-------------------------+-------+-------++-------
Melee: Dagger            |     4 |     8 ||    12
       Staff             |       |     6 ||     6
       Tailslap          |       |     1 ||     1
 Cast: Magic Dart        |    52 |    11 ||    63
       Searing Ray       |    11 |    30 ||    41
  Use: Scroll            |     7 |     4 ||    11
 Stab: Sleeping          |     1 |     2 ||     3
Armor: Skin              |     2 |     8 ||    10
Dodge: Dodged            |     2 |    10 ||    12
